Map: Radhuset Station LE

Players

Maximo - Winner!

  • Race: Terran Terran
  • Spawn Location: 1:00

Subwayeatn

  • Race: Zerg Zerg
  • League: Platinum
  • Spawn Location: 7:00

VOD

Have the link to the VOD?

Description

Time

  • Played on: Nov. 10, 2023, 8:07 p.m.
  • Length: 11:43
Show
View Real Time Build Order
Export as new Build Order

Maximo Terran - Winner!

Build Orders: 2 Factory, Mech 

Get SALT Encoding   

  12  0:00  SCV  
  13  0:12  SCV  
  14  0:18  Supply Depot  
  14  0:24  SCV  
  15  0:39  SCV  
  15  0:41  Barracks  
  16  0:45  Refinery  
  16  0:51  SCV  
  17  1:05  SCV  
  18  1:17  SCV  
  19  1:28  Marine  
  19  1:32  Orbital Command  
  20  1:42  Command Center  
  20  1:49  Barracks Reactor  
  20  1:58  Supply Depot, SCV  
  21  2:09  Factory  
  21  2:11  SCV  
  22  2:24  SCV  
  23  2:36  SCV  
  24  2:38  Refinery  
  24  2:48  SCV  
  25  2:58  Orbital Command  
  25  3:00  SCV  
  26  3:07  Hellion x2  
  26  3:12  Starport, SCV  
  31  3:18  Orbital Command, Factory  
  31  3:24  SCV  
  32  3:31  Hellion x2  
  36  3:53  SCV x2  
  36  3:54  Supply Depot  
  38  3:56  Supply Depot  
  38  3:58  Supply Depot, Engineering Bay  
  38  4:05  SCV  
  38  4:06  Factory Tech Lab  
  38  4:08  Viking  
  41  4:18  SCV x2  
  43  4:36  Siege Tank  
  43  4:37  Hellion x2  
  50  4:40  Starport Reactor  
  50  5:00  Hellion x2  
  54  5:08  Siege Tank  
  57  5:20  Armory  
  57  5:21  Hellion  
  57  5:22  Hellion, Armory  
  60  5:40  Hellion  
  62  5:43  Hellion  
  62  5:48  Hellion  
  66  5:55  Factory  
  66  5:57  Factory  
  66  6:00  Refinery  
  66  6:01  Refinery  
  66  6:02  Hellion  
  68  6:06  Hellion x6  
  68  6:10  Command Center  
  64  6:33  Siege Tank  
  64  6:34  Hellion  
  69  6:53  Hellion  
  69  6:56  Hellion  
  65  7:05  Supply Depot x3, Siege Tank  
  68  7:15  Hellion  
  70  7:19  Hellion, Liberator  
  75  7:31  Orbital Command  
  75  7:36  Hellion  
  70  7:59  SCV  
  70  8:00  SCV  
  72  8:08  Factory Tech Lab  
  72  8:09  Factory Tech Lab  
  72  8:11  SCV, Widow Mine  
  72  8:12  SCV, Widow Mine  
  78  8:15  Liberator x2  
  82  8:23  SCV  
  82  8:24  SCV  
  80  8:28  Thor  
  80  8:30  Hellion x2  
  80  8:32  Hellion  
  80  8:33  Hellion  
  94  8:36  Orbital Command, SCV x2  
  96  8:48  SCV x2  
  98  8:51  Hellion x2  
  72  9:41  SCV x3  
  75  9:53  SCV x3  
  75  9:58  Siege Tank x3  
  75  9:59  Hellion  
  88  10:00  Hellion  
  88  10:03  Infernal Pre-Igniter  
  88  10:21  Hellion x2  
  92  10:23  Refinery, Liberator  
  92  10:24  Liberator  
  92  10:26  Refinery  
  98  10:30  Thor, Hellion, Siege Tank  
  98  10:32  SCV x3  
  112  10:38  Supply Depot  
  112  10:39  Supply Depot x2  
  112  10:42  Hellion x2  
  116  10:44  SCV x3  
  119  10:52  Hellion  
  121  11:02  Hellion  
  121  11:04  Hellion x2  
  125  11:13  Hellion  
Show
View Real Time Build Order
Export as new Build Order

Subwayeatn Zerg 

Build Orders: Pool First, Swarm Host 

Get SALT Encoding   

  12  0:00  Drone  
  13  0:11  Overlord  
  13  0:30  Spawning Pool  
  13  0:33  Drone  
  13  0:38  Drone  
  14  0:47  Extractor  
  14  0:49  Drone x2  
  15  0:55  Drone  
  16  1:18  Queen  
  18  1:21  Zergling x4  
  20  1:32  Extractor  
  19  1:34  Drone  
  19  1:38  Drone  
  21  1:54  Lair  
  21  2:04  Overlord  
  21  2:15  Drone  
  22  2:23  Drone x2  
  22  2:26  Drone x3  
  27  2:34  Drone  
  28  2:46  Overlord  
  28  3:08  Infestation Pit  
  27  3:15  Nydus Network  
  26  3:30  Queen  
  28  3:39  Overseer  
  28  3:48  Overlord  
  28  3:54  Swarm Host  
  28  3:55  Swarm Host  
  31  4:02  Overlord  
  34  4:06  Drone  
  34  4:07  Swarm Host  
  38  4:14  Overseer  
  38  4:17  Swarm Host  
  38  4:18  Swarm Host  
  44  4:31  Spore Crawler  
  44  4:33  Drone, Spore Crawler  
  44  4:34  Swarm Host  
  46  4:49  Nydus Canal  
  46  4:58  Overlord x3  
  44  5:37  Swarm Host x2  
  44  5:38  Swarm Host  
  53  5:49  Nydus Canal  
  53  5:51  Overseer  
  53  5:54  Overlord  
  53  5:56  Overseer  
  53  6:32  Swarm Host x2  
  59  6:52  Spine Crawler x2  
  57  7:09  Nydus Canal  
  57  7:22  Swarm Host x3  
  66  7:51  Swarm Host  
  66  7:53  Overlord  
  69  8:03  Spine Crawler  
  68  8:43  Swarm Host x3  
  77  9:18  Metabolic Boost  
  77  9:31  Hatchery  
  76  9:44  Drone x2  
  78  9:45  Overlord  
  78  9:46  Overlord x2  
  78  9:54  Nydus Network  
  78  9:56  Hatchery  
  74  10:02  Drone  
  74  10:05  Hatchery  
  74  10:22  Drone x2  
  74  10:26  Queen  
  78  10:34  Evolution Chamber  
  77  10:36  Evolution Chamber  
  77  10:38  Nydus Canal  
  76  10:44  Drone x3  
  66  11:26  Drone x7  
  66  11:27  Drone x2, Spore Crawler  
  74  11:33  Spore Crawler  
Tags
 
Add a new tag
Caveats
  • Supply blocks, unpowered buildings, or Contaminate may cause inaccurate times.
  • Supply counts are checked every 10 seconds.